AoeStats
← [KMNB] Bandeira

Lombardia

507351204Analyzed
2v2 RM · 15d ago on Sep 17, 2026· 43m 7s· 4 players
Game mode
Random Map
Map size
Medium (4 player)
Population
200
Speed
Normal
Resources
Standard
Victory
Conquest
Starting age
Dark Age
Ending age
Imperial Age
RankedLock teamsTeams togetherTeam positionsShared explorationLock speedFull tech treeHidden civsTurbo modeCheats
Victory
Defeat
🇧🇷 Ethiopians · Brazil
1555
+6
🇧🇷 Magyars · Brazil
1450
+10
🇦🇷 Huns · Argentina
1311
-8
🇦🇷 Magyars · Argentina
1296
-8
[KMNB] Bandeira
6:27 Loom
9:31 Feudal Age
10:59 Double-Bit Axe
13:22 Horse Collar
26:51 Castle Age
25:34 Gold Mining
26:34 Bloodlines
34:03 Heavy Plow
34:16 Bow Saw
38:03 Wheelbarrow
39:21 Husbandry
42:48 Imperial Age
41:22 Stone Mining
43:04 Scale Barding Armor
42:53 Cavalier
Fs.Khronos
5:17 Loom
9:47 Feudal Age
15:03 Castle Age
13:34 Fletching
13:32 Double-Bit Axe
14:37 Gold Mining
14:59 Fletching
15:05 Crossbowman
21:55 Bodkin Arrow
23:58 Padded Archer Armor
23:43 Horse Collar
26:05 Bow Saw
27:56 Ballistics
31:41 Thumb Ring
32:15 Wheelbarrow
32:14 Elite Skirmisher
38:45 Imperial Age
36:32 Hand Cart
36:52 Leather Archer Armor
37:10 Town Watch
38:52 Gold Shaft Mining
38:19 Heavy Plow
39:14 Squires
39:33 Bracer
40:35 Chemistry
39:06 Capped Ram
39:31 Arbalester
41:04 Siege Ram
DOCCT | JoaquínP20
6:54 Loom
9:32 Feudal Age
10:25 Double-Bit Axe
10:22 Horse Collar
22:16 Castle Age
21:26 Gold Mining
22:11 Scale Barding Armor
22:33 Light Cavalry
25:25 Wheelbarrow
28:16 Bloodlines
28:37 Chain Barding Armor
41:01 Husbandry
DOCCT | SaantiOtaal
9:18 Feudal Age
8:23 Loom
10:50 Double-Bit Axe
12:39 Gold Mining
14:59 Fletching
15:09 Padded Archer Armor
22:06 Castle Age
22:46 Bodkin Arrow
23:22 Husbandry
33:42 Thumb Ring
34:47 Ballistics
34:36 Elite Skirmisher
38:19 Leather Archer Armor
Connection lost

Rejoining the realm…

Still unreachable

The connection could not be restored.

Session expired

The server has moved on; the page needs a fresh start.